 Dungeon Crawl Stone Soup version 0.18.1-8-gdd0e5ea (webtiles) character file.

102 DrockLP the Shield-Bearer (level 4, -3/42 HPs)
             Began as a Deep Dwarf Fighter on June 10, 2016.
             Was an Initiate of Makhleb.
             Killed from afar by Sigmund (4 damage)
             ... with a puff of flame
             ... on level 2 of the Dungeon.
             The game lasted 00:04:47 (441 turns).

DrockLP the Shield-Bearer (Deep Dwarf Fighter)       Turns: 441, Time: 00:04:47

Health: -3/42      AC:  6    Str: 20    XL:     4   Next: 50%
Magic:  4/4        EV:  9    Int:  9    God:    Makhleb [......]
Gold:   22         SH:  0    Dex: 12    Spells: 0 memorised, 3 levels left

rFire  . . .     SeeInvis .     a - +0 war axe
rCold  . . .     Gourm    .     n - +2 animal skin
rNeg   . . .     Faith    .     c - +0 shield
rPois  .         Spirit   .     p - +2 hat
rElec  .         Dismiss  .     (no cloak)
rCorr  .         Reflect  .     (no gloves)
SustAt .         Harm     .     (no boots)
MR     .....                    (no amulet)
Stlth  +.........               (no ring)
                                (no ring)

@: confused, non-regenerating, not resistant to hostile enchantments, very
unstealthy
A: damage resistance, recharge devices, sense surroundings 1, slow regeneration
3
a: Device Recharging, Renounce Religion


You were on level 2 of the Dungeon.
You worshipped Makhleb.
Makhleb was noncommittal.
You were not hungry.

You visited 1 branch of the dungeon, and saw 2 of its levels.

You collected 22 gold pieces.

Inventory:

Hand Weapons
 a - a +0 war axe (weapon)
 h - a +0 dagger
 k - a +0 dagger
 l - a cursed -2 hunting sling
Missiles
 g - 41 stones (quivered)
 j - 18 sling bullets
Armour
 b - a +0 scale mail
 c - a +0 shield (worn)
 i - a +0 helmet
 n - a +2 animal skin (worn)
 o - a +0 helmet
 p - a +2 hat (worn)
Wands
 e - a wand of heal wounds (0/9)
Scrolls
 m - a scroll of immolation {unknown}
Potions
 d - a potion of might
Comestibles
 f - a bread ration
 q - a meat ration


   Skills:
 + Level 3.2 Fighting
 + Level 2.6 Axes
 + Level 4.0 Armour
 + Level 0.4 Dodging
 + Level 0.3 Stealth
 + Level 4.5 Shields


You had 3 spell levels left.
You didn't know any spells.

Dungeon Overview and Level Annotations

Branches:
Dungeon (2/15)

Altars:
Makhleb
Sif Muna

Annotations:
D:2 Ijyb, Sigmund


Innate Abilities, Weirdness & Mutations

You are resistant to damage.
You can recharge devices by infusing magical energy.
You passively map a small area around you.
You do not regenerate naturally.


Message History

Zapping:
e - a wand of heal wounds (1/9)
Press: ? - help, Shift-Dir - straight line, f - you Nothing appears to happen.
This wand has 0 charges left.
Something hits you!
* * * LOW HITPOINT WARNING * * *
You bump into the rock wall.
Something hits you but does no damage.
You bump into the rock wall.
You feel less confused. You block something's attack.
You block something's attack.
A puff of flame appears from out of thin air!
The puff of flame hits you!
* * * LOW HITPOINT WARNING * * *
Sigmund appears from thin air!
Reactivating autopickup.
Sigmund drinks a potion.
Sigmund seems to speed up.
Sigmund casts a spell at you.
You are confused.
Sigmund points at you and mumbles some strange words.
The puff of flame hits you!
You die...

......# ......##.......# *
......# ......# .......#
......# ..??...# #.....#
......# * * #.....#, , ......#
#.....# , , ......# #.....#
......# #.....#
......################.#)..#.
,
................@....@g......#
######################........
######### *


You could see Sigmund and Ijyb.

Vanquished Creatures
  Natasha (D:2)
  Robin (D:2)
  4 gnolls (D:2)
  A giant gecko (D:2)
  A bat (D:2)
  A giant cockroach (D:2)
  6 hobgoblins (D:2)
  A giant newt (D:2)
  9 goblins (D:2)
  2 kobolds (D:2)
27 creatures vanquished.

Notes
Turn   | Place    | Note
--------------------------------------------------------------
     0 | D:1      | DrockLP the Deep Dwarf Fighter began the quest for the Orb.
     0 | D:1      | Reached XP level 1. HP: 20/20 MP: 1/1
   166 | D:2      | Reached XP level 2. HP: 25/27 MP: 2/2
   205 | D:2      | Found a deep blue altar of Sif Muna.
   223 | D:2      | Noticed Robin
   240 | D:2      | Reached XP level 3. HP: 24/34 MP: 3/3
   279 | D:2      | Killed Robin
   279 | D:2      | Reached XP level 4. HP: 26/42 MP: 4/4
   331 | D:2      | Found a burning altar of Makhleb.
   344 | D:2      | Became a worshipper of Makhleb the Destroyer
   362 | D:2      | Noticed Natasha
   374 | D:2      | Killed Natasha
   409 | D:2      | Noticed Sigmund
   412 | D:2      | Noticed Ijyb
   439 | D:2      | HP: 1/42 [something/puff of flame (3)]
   441 | D:2      | Killed from afar by Sigmund

Skill      XL: |  1  2  3  4 |
---------------+-------------+-----
Fighting       | 3 |  3.2
Shields        | 4 |  4.5
Armour         | 4 |  4.0
Axes           | |  2.6
Dodging        | |  0.4
Stealth        | |  0.3

Action                   |  1- 3 |  4- 6 || total
-------------------------+-------+-------++-------
Melee: War axe           |    72 |    18 ||    90
Evoke: Wand              |     1 |     4 ||     5
Armor: Scale mail        |    44 |       ||    44
       Animal skin       |       |     7 ||     7
Dodge: Dodged            |    22 |     5 ||    27
Block: Shield            |    43 |    14 ||    57
